Unix xNetHack Version 7.1.0 - last build Jul 19 2022 04:02:08 (a8c4666137c2c631a57c77f6261166d76d9e3895). Game began 2022-07-28 19:33:00, ended 2022-07-28 19:49:20. nmlkj, chaotic male human Wizard ---- |*.| ---- |..| |..| ---- --*-- |..-- |..| |*.| ---...---[<| #)-- |.........-| |.| -......--..| |.| |...........| --.| |...........| |..| --.--...----| |)-- -----......|--@| ------.||.|- |^--... |.(.... -----. Nmlkj the Thaumaturge St:13 Dx:11 Co:14 In:15 Wi:11 Ch:9 Chaotic S:1900 Dlvl:7 $:36 HP:0(46) Pw:25(69) AC:9 Xp:6/391 T:1524 Satiated Latest messages: In what direction? l The spell hits it. You kill it! In what direction? l The spell hits it. You kill it! In what direction? l In what direction? l You are hit by a gray stone! The hobbit shoots a gray stone! You are hit by a gray stone. In what direction? b The spell hits the hobbit! You kill the hobbit! There is a hobbit corpse here; eat it? [ynq] (n) y This hobbit corpse tastes okay. You hear an E flat squeak in the distance. You stop eating the hobbit corpse. In what direction? j The spell hits the gnome! You kill the gnome! There is a partly eaten hobbit corpse here; eat it? [ynq] (n) y You resume your meal. You finish eating the hobbit corpse. You are hit by an arrow. There is a gnome corpse here; eat it? [ynq] (n) y This gnome corpse tastes okay. You are hit by an arrow. You stop eating the gnome corpse. In what direction? j The spell hits the gnome! You kill the gnome! There is a gnome corpse here; eat it? [ynq] (n) y This gnome corpse tastes okay. You are hit by a stout spear! You stop eating the gnome corpse. The dwarf thrusts her broad short sword. The dwarf impales you! In what direction? j The spell hits the dwarf! The dwarf resists! The dwarf thrusts her broad short sword. The dwarf stabs you! In what direction? j The spell hits the dwarf! In what direction? j You kill the dwarf! The magic missile hits you! Some missiles bounce off! You die... Major events: Turn 1: nmlkj the chaotic male human Wizard entered the dungeon 547: entered the Gnomish Mines 583: attained the rank of Conjurer (level 3) 1182: reached Mine Town 1414: attained the rank of Thaumaturge (level 6) 1524: killed by a magic missile Inventory: Inventory: 444/725 weight (17/52 slots) Coins $ - 36 gold pieces {1} Weapons a - a blessed +1 quarterstaff {40} Armor b - an uncursed +0 cloak of magic resistance (being worn) {8} Comestibles p - an uncursed banana {2} q - 2 uncursed food rations {40} i - an uncursed lichen corpse {20} Spellbooks c - a blessed spellbook of force bolt {35} f - an uncursed spellbook of haste self {45} d - a blessed spellbook of magic missile {40} e - an uncursed spellbook of protection {35} Potions m - an uncursed potion of booze {20} j - an uncursed potion of sleeping {20} h - an uncursed potion of water {20} Rings n - an uncursed ring of poison resistance {3} Wands s - a wand of cold (0:7) {7} k - a wand of enlightenment (0:13) {7} Tools g - a magic marker (0:83) {2} r - a +0 pick-axe {100} Nmlkj the Wizard's attributes: Background: You were a Thaumaturge, a level 6 male human Wizard. You were chaotic, on a mission for Anhur who was opposed by Ptah (lawful) and Thoth (neutral). You were heterosexual. You were in the Gnomish Mines, on level 7. You entered the dungeon 1524 turns ago. There was a new moon in effect when your adventure ended. You had 391 experience points, 249 more were needed to attain level 7. Your score was 1900 before end-of-game adjustments. Basics: You had 0 out of 46 hit points. You had 25 out of 69 energy points (spell power). Your armor class was 9. Your wallet contained 36 zorkmids. Autopickup was on for '$"?+!=/' plus thrown. Final Characteristics: Your strength was 13 (limit:18/100). Your dexterity was 11 (peak:13, limit:18). Your constitution was 14 (limit:18). Your intelligence was 15 (limit:18). Your wisdom was 11 (limit:18). Your charisma was 9 (limit:18). Final Status: You were satiated. You were unencumbered. You were bare handed. You were unskilled in bare handed combat. Final Attributes: You were devoutly aligned. You were magic-protected. You were warded. You are dead. Miscellaneous: You never encountered a bones level. Total elapsed playing time was 16 minutes and 20 seconds. Vanquished creatures: a yellow light 3 gnome leaders 2 gnomish wizards a floating eye a kitten 6 dwarves a gas spore 3 hobbits 27 gnomes a gnome zombie 2 jackals 2 kobolds a goblin 5 grid bugs a bat 3 lichens 9 newts 69 creatures vanquished. No species were genocided or became extinct. Voluntary challenges: You were illiterate. You never genocided any monsters. You never polymorphed an object. You never changed form. You never touched an artifact. You used no wishes. You never scared an enemy with impunity. You were celibate. You never generated conflict. Achievements: You entered the Gnomish Mines. You attained the rank of Conjurer. You entered Minetown. You entered a temple. You attained the rank of Thaumaturge. The Dungeons of Doom: levels 1 to 3 Level 1: Level 2: A fountain. Level 3: A fountain. Stairs down to The Gnomish Mines. The Gnomish Mines: levels 4 to 7 Level 4: Level 5: Level 6: A temple to Anhur, some fountains. Level 7: <- You were here. Final resting place for you, killed by a magic missile. Game over: __________ / \ / REST \ / IN \ / PEACE \ / \ | nmlkj | | 36 Au | | killed by a | | magic missile | | | | | | 2022 | *| * * * | * _________)/\\_//(\/(/\)/\//\/|_)_______ Goodbye nmlkj the Wizard... You died in The Gnomish Mines on dungeon level 7 with 1897 points, and 36 pieces of gold, after 1524 moves. You were level 6 with a maximum of 46 hit points when you died.